Workbook

Sheet Summary
A1: Locked earnings forecasts: Microsoft FQ1 2027 and Alphabet Q3 2026 (both report Oct 28, 2026 after the close)
A2: Locked (UTC) | B2: 2026-10-28 16:34
A4: Company | B4: Metric | C4: Our forecast | D4: 80% low | E4: 80% high | F4: Street | G4: Street source | H4: Ours vs Street | I4: Actual | J4: Our error | K4: Street error | L4: Closer than Street?
A5: Microsoft | B5: Revenue ($bn) | C5: =MSFT!B77 -> 92.208 | D5: =MSFT!C77 -> 91.28592 | E5: =MSFT!D77 -> 93.13008 | F5: =MSFT!E77 -> 90.6 | G5: LSEG, per previews | H5: =C5/F5-1 -> 0.017748344 | I5: =IF(MSFT!H77="","",MSFT!H77) -> 92.279 | J5: =IF(I5="","",C5/I5-1) -> -0.00076940582 | K5: =IF(I5="","",F5/I5-1) -> -0.018194822 | L5: =IF(I5="","",IF(ABS(J5)<ABS(K5),"Yes","No")) -> Yes
A6: Microsoft | B6: Adjusted EPS excl. OpenAI ($) | C6: =MSFT!B88 -> 4.904156 | D6: =MSFT!C88 -> 4.7570313 | E6: =MSFT!D88 -> 5.0512807 | F6: =MSFT!E88 -> 4.71 | G6: LSEG, per previews | H6: =C6/F6-1 -> 0.041222085 | I6: =IF(MSFT!H88="","",MSFT!H88) -> 4.89 | J6: =IF(I6="","",C6/I6-1) -> 0.0028948914 | K6: =IF(I6="","",F6/I6-1) -> -0.036809816 | L6: =IF(I6="","",IF(ABS(J6)<ABS(K6),"Yes","No")) -> Yes
A7: Microsoft | B7: Azure growth, constant currency | C7: =MSFT!B89 -> 0.47 | D7: =MSFT!C89 -> 0.455 | E7: =MSFT!D89 -> 0.485 | G7: No published consensus found | I7: =IF(MSFT!H89="","",MSFT!H89) -> 0.48 | J7: =IF(I7="","",C7-I7) -> -0.01
A8: Microsoft | B8: Operating income ($bn) | C8: =MSFT!B81 -> 45.678 | G8: Not tracked | I8: =IF(MSFT!H81="","",MSFT!H81) -> 45.915 | J8: =IF(I8="","",C8/I8-1) -> -0.0051617119
A9: Alphabet | B9: Revenue ($bn) | C9: =GOOGL!B58 -> 129.71113 | D9: =GOOGL!C58 -> 127.76546 | E9: =GOOGL!D58 -> 131.6568 | F9: =GOOGL!E58 -> 128.2 | G9: LSEG via CNBC | H9: =C9/F9-1 -> 0.011787293 | I9: =IF(GOOGL!H58="","",GOOGL!H58) -> 127.577 | J9: =IF(I9="","",C9/I9-1) -> 0.01672818 | K9: =IF(I9="","",F9/I9-1) -> 0.0048833254 | L9: =IF(I9="","",IF(ABS(J9)<ABS(K9),"Yes","No")) -> No
A10: Alphabet | B10: Google Cloud revenue ($bn) | C10: =GOOGL!B59 -> 30.314 | D10: =GOOGL!C59 -> 28.7983 | E10: =GOOGL!D59 -> 31.8297 | F10: =GOOGL!E59 -> 28.7 | G10: LSEG via CNBC | H10: =C10/F10-1 -> 0.056236934 | I10: =IF(GOOGL!H59="","",GOOGL!H59) -> 30.709 | J10: =IF(I10="","",C10/I10-1) -> -0.012862679 | K10: =IF(I10="","",F10/I10-1) -> -0.065420561 | L10: =IF(I10="","",IF(ABS(J10)<ABS(K10),"Yes","No")) -> Yes
A11: Alphabet | B11: EPS excl. equity securities gains ($) | C11: =GOOGL!B63 -> 3.0464781 | D11: =GOOGL!C63 -> 2.8941542 | E11: =GOOGL!D63 -> 3.198802 | F11: =GOOGL!E63 -> 3.02 | G11: LSEG via CNBC | H11: =C11/F11-1 -> 0.0087675907 | I11: =IF(GOOGL!H63="","",GOOGL!H63) -> 2.67 | J11: =IF(I11="","",C11/I11-1) -> 0.14100304 | K11: =IF(I11="","",F11/I11-1) -> 0.13108614 | L11: =IF(I11="","",IF(ABS(J11)<ABS(K11),"Yes","No")) -> No
A12: Alphabet | B12: GAAP EPS ($) | C12: =GOOGL!B64 -> 2.3540643 | D12: =GOOGL!C64 -> 1.9040643 | E12: =GOOGL!D64 -> 2.8040643 | F12: =GOOGL!E64 -> 3.1 | G12: Polymarket market rules | H12: =C12/F12-1 -> -0.24062441 | I12: =IF(GOOGL!H64="","",GOOGL!H64) -> 2.12 | J12: =IF(I12="","",C12/I12-1) -> 0.11040771 | K12: =IF(I12="","",F12/I12-1) -> 0.46226415 | L12: =IF(I12="","",IF(ABS(J12)<ABS(K12),"Yes","No")) -> Yes
A14: Method: guidance or segment run-rate as the anchor, corrected by how far actuals have landed from guidance and from LSEG consensus in the last 3-4 quarters, then adjusted for signals read this quarter (PC shipments, FX, SpaceX share price, CFO commentary). Polymarket prices are recorded at lock as a cross-check.

Sheet Distributions
A1: Forecast distributions at lock: Microsoft FQ1 2027 and Alphabet Q3 2026
A2: Each distribution is centered on the locked forecast. Its spread comes from the locked 80% range, which was sized from the spread of the last 3-4 quarters' surprises.
A4: Metric | B4: Shape | C4: Median | D4: Mean | E4: Std dev | F4: P5 | G4: P10 | H4: P25 | I4: P50 | J4: P75 | K4: P90 | L4: P95 | M4: Street | N4: P(actual above Street) | O4: Market line | P4: Our P(market resolves Yes) | Q4: Polymarket Yes price
A5: Percentile | F5: 0.05 | G5: 0.1 | H5: 0.25 | I5: 0.5 | J5: 0.75 | K5: 0.9 | L5: 0.95
A6: Microsoft revenue ($bn) | B6: Normal | C6: =MSFT!B77 -> 92.208 | D6: =C6 -> 92.208 | E6: =(MSFT!D77-MSFT!B77)/_xlfn.NORM.S.INV($B$17) -> 0.71950285 | F6: =_xlfn.NORM.INV(F$5,$D6,$E6) -> 91.024523 | G6: =_xlfn.NORM.INV(G$5,$D6,$E6) -> 91.28592 | H6: =_xlfn.NORM.INV(H$5,$D6,$E6) -> 91.722703 | I6: =_xlfn.NORM.INV(I$5,$D6,$E6) -> 92.208 | J6: =_xlfn.NORM.INV(J$5,$D6,$E6) -> 92.693297 | K6: =_xlfn.NORM.INV(K$5,$D6,$E6) -> 93.13008 | L6: =_xlfn.NORM.INV(L$5,$D6,$E6) -> 93.391477 | M6: =MSFT!E77 -> 90.6 | N6: =1-_xlfn.NORM.DIST(M6,D6,E6,TRUE) -> 0.98728727
A7: Microsoft adjusted EPS excl. OpenAI ($) | B7: Normal | C7: =MSFT!B88 -> 4.904156 | D7: =C7 -> 4.904156 | E7: =(MSFT!D88-MSFT!B88)/_xlfn.NORM.S.INV($B$17) -> 0.114802 | F7: =_xlfn.NORM.INV(F$5,$D7,$E7) -> 4.7153235 | G7: =_xlfn.NORM.INV(G$5,$D7,$E7) -> 4.7570313 | H7: =_xlfn.NORM.INV(H$5,$D7,$E7) -> 4.8267232 | I7: =_xlfn.NORM.INV(I$5,$D7,$E7) -> 4.904156 | J7: =_xlfn.NORM.INV(J$5,$D7,$E7) -> 4.9815888 | K7: =_xlfn.NORM.INV(K$5,$D7,$E7) -> 5.0512807 | L7: =_xlfn.NORM.INV(L$5,$D7,$E7) -> 5.0929885 | M7: =MSFT!E88 -> 4.71 | N7: =1-_xlfn.NORM.DIST(M7,D7,E7,TRUE) -> 0.95460309
A8: Microsoft GAAP EPS ($) | B8: Normal | C8: =MSFT!B88+B18 -> 4.904156 | D8: =C8 -> 4.904156 | E8: =SQRT(E7^2+B19^2) -> 0.15224815 | F8: =_xlfn.NORM.INV(F$5,$D8,$E8) -> 4.6537301 | G8: =_xlfn.NORM.INV(G$5,$D8,$E8) -> 4.7090422 | H8: =_xlfn.NORM.INV(H$5,$D8,$E8) -> 4.8014662 | I8: =_xlfn.NORM.INV(I$5,$D8,$E8) -> 4.904156 | J8: =_xlfn.NORM.INV(J$5,$D8,$E8) -> 5.0068458 | K8: =_xlfn.NORM.INV(K$5,$D8,$E8) -> 5.0992699 | L8: =_xlfn.NORM.INV(L$5,$D8,$E8) -> 5.1545819 | O8: =MSFT!C96 -> 4.82 | P8: =1-_xlfn.NORM.DIST(O8,D8,E8,TRUE) -> 0.70978462 | Q8: =MSFT!B96 -> 0.815
A9: Microsoft Azure growth, constant currency | B9: Normal | C9: =MSFT!B89 -> 0.47 | D9: =C9 -> 0.47 | E9: =(MSFT!D89-MSFT!B89)/_xlfn.NORM.S.INV($B$17) -> 0.011704562 | F9: =_xlfn.NORM.INV(F$5,$D9,$E9) -> 0.45074771 | G9: =_xlfn.NORM.INV(G$5,$D9,$E9) -> 0.455 | H9: =_xlfn.NORM.INV(H$5,$D9,$E9) -> 0.46210539 | I9: =_xlfn.NORM.INV(I$5,$D9,$E9) -> 0.47 | J9: =_xlfn.NORM.INV(J$5,$D9,$E9) -> 0.47789461 | K9: =_xlfn.NORM.INV(K$5,$D9,$E9) -> 0.485 | L9: =_xlfn.NORM.INV(L$5,$D9,$E9) -> 0.48925229 | O9: =MSFT!C97 -> 0.46 | P9: =_xlfn.NORM.DIST(MSFT!D97-B20,D9,E9,TRUE)-_xlfn.NORM.DIST(MSFT!C97-B20,D9,E9,TRUE) -> 0.56537729 | Q9: =MSFT!B97 -> 0.54
A10: Alphabet revenue ($bn) | B10: Normal | C10: =GOOGL!B58 -> 129.71113 | D10: =C10 -> 129.71113 | E10: =(GOOGL!D58-GOOGL!B58)/_xlfn.NORM.S.INV($B$17) -> 1.518212 | F10: =_xlfn.NORM.INV(F$5,$D10,$E10) -> 127.21389 | G10: =_xlfn.NORM.INV(G$5,$D10,$E10) -> 127.76546 | H10: =_xlfn.NORM.INV(H$5,$D10,$E10) -> 128.68711 | I10: =_xlfn.NORM.INV(I$5,$D10,$E10) -> 129.71113 | J10: =_xlfn.NORM.INV(J$5,$D10,$E10) -> 130.73515 | K10: =_xlfn.NORM.INV(K$5,$D10,$E10) -> 131.6568 | L10: =_xlfn.NORM.INV(L$5,$D10,$E10) -> 132.20837 | M10: =GOOGL!E58 -> 128.2 | N10: =1-_xlfn.NORM.DIST(M10,D10,E10,TRUE) -> 0.84021355
A11: Alphabet Google Cloud revenue ($bn) | B11: Normal | C11: =GOOGL!B59 -> 30.314 | D11: =C11 -> 30.314 | E11: =(GOOGL!D59-GOOGL!B59)/_xlfn.NORM.S.INV($B$17) -> 1.182707 | F11: =_xlfn.NORM.INV(F$5,$D11,$E11) -> 28.36862 | G11: =_xlfn.NORM.INV(G$5,$D11,$E11) -> 28.7983 | H11: =_xlfn.NORM.INV(H$5,$D11,$E11) -> 29.516276 | I11: =_xlfn.NORM.INV(I$5,$D11,$E11) -> 30.314 | J11: =_xlfn.NORM.INV(J$5,$D11,$E11) -> 31.111724 | K11: =_xlfn.NORM.INV(K$5,$D11,$E11) -> 31.8297 | L11: =_xlfn.NORM.INV(L$5,$D11,$E11) -> 32.25938 | M11: =GOOGL!E59 -> 28.7 | N11: =1-_xlfn.NORM.DIST(M11,D11,E11,TRUE) -> 0.91382097 | O11: =GOOGL!C75 -> 30 | P11: =1-_xlfn.NORM.DIST(O11,D11,E11,TRUE) -> 0.60468501 | Q11: =GOOGL!B75 -> 0.65
A12: Alphabet EPS excl. equity securities gains ($) | B12: Normal | C12: =GOOGL!B63 -> 3.0464781 | D12: =C12 -> 3.0464781 | E12: =(GOOGL!D63-GOOGL!B63)/_xlfn.NORM.S.INV($B$17) -> 0.11885898 | F12: =_xlfn.NORM.INV(F$5,$D12,$E12) -> 2.8509725 | G12: =_xlfn.NORM.INV(G$5,$D12,$E12) -> 2.8941542 | H12: =_xlfn.NORM.INV(H$5,$D12,$E12) -> 2.966309 | I12: =_xlfn.NORM.INV(I$5,$D12,$E12) -> 3.0464781 | J12: =_xlfn.NORM.INV(J$5,$D12,$E12) -> 3.1266473 | K12: =_xlfn.NORM.INV(K$5,$D12,$E12) -> 3.198802 | L12: =_xlfn.NORM.INV(L$5,$D12,$E12) -> 3.2419837 | M12: =GOOGL!E63 -> 3.02 | N12: =1-_xlfn.NORM.DIST(M12,D12,E12,TRUE) -> 0.58814245
A13: Alphabet GAAP EPS ($) | B13: Mix of two normals | C13: =I13 -> 2.38 | D13: =D29*B29+D30*B30 -> 2.4540643 | E13: =SQRT(D29*(C29^2+B29^2)+D30*(C30^2+B30^2)-D13^2) -> 0.43239416 | F13: =INDEX($A$35:$A$335,MATCH(F$5,$B$35:$B$335,1)+1) -> 2.04 | G13: =INDEX($A$35:$A$335,MATCH(G$5,$B$35:$B$335,1)+1) -> 2.12 | H13: =INDEX($A$35:$A$335,MATCH(H$5,$B$35:$B$335,1)+1) -> 2.24 | I13: =INDEX($A$35:$A$335,MATCH(I$5,$B$35:$B$335,1)+1) -> 2.38 | J13: =INDEX($A$35:$A$335,MATCH(J$5,$B$35:$B$335,1)+1) -> 2.54 | K13: =INDEX($A$35:$A$335,MATCH(K$5,$B$35:$B$335,1)+1) -> 2.74 | L13: =INDEX($A$35:$A$335,MATCH(L$5,$B$35:$B$335,1)+1) -> 3.36 | M13: =GOOGL!E64 -> 3.1 | N13: =1-($D$29*_xlfn.NORM.DIST(M13,$B$29,$C$29,TRUE)+$D$30*_xlfn.NORM.DIST(M13,$B$30,$C$30,TRUE)) -> 0.062503555 | O13: =GOOGL!C74 -> 3.1 | P13: =1-($D$29*_xlfn.NORM.DIST(O13,$B$29,$C$29,TRUE)+$D$30*_xlfn.NORM.DIST(O13,$B$30,$C$30,TRUE)) -> 0.062503555 | Q13: =GOOGL!B74 -> 0.245
A16: Assumptions | B16: Value | C16: Basis
A17: Upper tail of the locked 80% range | B17: 0.9 | C17: 80% range runs from P10 to P90
A18: Microsoft: OpenAI effect on GAAP EPS, mean ($) | B18: 0 | C18: No OpenAI effect assumed in the locked forecast
A19: Microsoft: OpenAI effect on GAAP EPS, std dev ($) | B19: 0.1 | C19: Effect has swung from losses to one-off gains in past quarters; assumed small this quarter
A20: Azure: half step for whole-percent reporting | B20: 0.005 | C20: Microsoft reports Azure growth in whole percents
A21: Alphabet GAAP base case: extra std dev for other OI&E items ($) | B21: 0.15 | C21: Other marketable holdings, FX and debt items
A22: Alphabet GAAP base case: weight | B22: 0.9 | C22: SpaceX loss lands as marked, with nothing offsetting it
A23: Alphabet GAAP tail: shift vs base case ($) | B23: 1 | C23: Hedge gains on the SpaceX stake, or a revaluation of a private stake
A24: Alphabet GAAP tail: std dev ($) | B24: 0.8 | C24: Wide, because the size of any offset is unknown
A25: Grid start ($) | B25: 0
A26: Grid step ($) | B26: 0.02
A28: Alphabet GAAP EPS mixture | B28: Mean | C28: Std dev | D28: Weight
A29: Base case: SpaceX mark-to-market, no offset | B29: =GOOGL!B64 -> 2.3540643 | C29: =SQRT(E12^2+B21^2) -> 0.19138301 | D29: =B22 -> 0.9
A30: Tail: offsetting gains | B30: =B29+B23 -> 3.3540643 | C30: =B24 -> 0.8 | D30: =1-D29 -> 0.1
A33: Grid for the Alphabet GAAP EPS mixture
A34: EPS ($) | B34: Cumulative probability
A35: =B25 -> 0 | B35: =$D$29*_xlfn.NORM.DIST(A35,$B$29,$C$29,TRUE)+$D$30*_xlfn.NORM.DIST(A35,$B$30,$C$30,TRUE) -> 1.3789963e-06
A36: =A35+$B$26 -> 0.02 | B36: =$D$29*_xlfn.NORM.DIST(A36,$B$29,$C$29,TRUE)+$D$30*_xlfn.NORM.DIST(A36,$B$30,$C$30,TRUE) -> 1.5392496e-06
A37: =A36+$B$26 -> 0.04 | B37: =$D$29*_xlfn.NORM.DIST(A37,$B$29,$C$29,TRUE)+$D$30*_xlfn.NORM.DIST(A37,$B$30,$C$30,TRUE) -> 1.7170994e-06
A38: =A37+$B$26 -> 0.06 | B38: =$D$29*_xlfn.NORM.DIST(A38,$B$29,$C$29,TRUE)+$D$30*_xlfn.NORM.DIST(A38,$B$30,$C$30,TRUE) -> 1.9143547e-06
A39: =A38+$B$26 -> 0.08 | B39: =$D$29*_xlfn.NORM.DIST(A39,$B$29,$C$29,TRUE)+$D$30*_xlfn.NORM.DIST(A39,$B$30,$C$30,TRUE) -> 2.1329961e-06
A40: =A39+$B$26 -> 0.1 | B40: =$D$29*_xlfn.NORM.DIST(A40,$B$29,$C$29,TRUE)+$D$30*_xlfn.NORM.DIST(A40,$B$30,$C$30,TRUE) -> 2.3751909e-06
A41: =A40+$B$26 -> 0.12 | B41: =$D$29*_xlfn.NORM.DIST(A41,$B$29,$C$29,TRUE)+$D$30*_xlfn.NORM.DIST(A41,$B$30,$C$30,TRUE) -> 2.6433086e-06
A42: =A41+$B$26 -> 0.14 | B42: =$D$29*_xlfn.NORM.DIST(A42,$B$29,$C$29,TRUE)+$D$30*_xlfn.NORM.DIST(A42,$B$30,$C$30,TRUE) -> 2.9399386e-06
A43: =A42+$B$26 -> 0.16 | B43: =$D$29*_xlfn.NORM.DIST(A43,$B$29,$C$29,TRUE)+$D$30*_xlfn.NORM.DIST(A43,$B$30,$C$30,TRUE) -> 3.2679078e-06
A44: =A43+$B$26 -> 0.18 | B44: =$D$29*_xlfn.NORM.DIST(A44,$B$29,$C$29,TRUE)+$D$30*_xlfn.NORM.DIST(A44,$B$30,$C$30,TRUE) -> 3.6303008e-06
A45: =A44+$B$26 -> 0.2 | B45: =$D$29*_xlfn.NORM.DIST(A45,$B$29,$C$29,TRUE)+$D$30*_xlfn.NORM.DIST(A45,$B$30,$C$30,TRUE) -> 4.0304804e-06
A46: =A45+$B$26 -> 0.22 | B46: =$D$29*_xlfn.NORM.DIST(A46,$B$29,$C$29,TRUE)+$D$30*_xlfn.NORM.DIST(A46,$B$30,$C$30,TRUE) -> 4.4721106e-06
A47: =A46+$B$26 -> 0.24 | B47: =$D$29*_xlfn.NORM.DIST(A47,$B$29,$C$29,TRUE)+$D$30*_xlfn.NORM.DIST(A47,$B$30,$C$30,TRUE) -> 4.9591803e-06
... A335: =A334+$B$26 -> 6 | B335: =$D$29*_xlfn.NORM.DIST(A335,$B$29,$C$29,TRUE)+$D$30*_xlfn.NORM.DIST(A335,$B$30,$C$30,TRUE) -> 0.99995292

Sheet MSFT
A1: Earnings forecast: Microsoft FQ1 2027 (quarter ended Sep 30, 2026), locked before the Oct 28, 2026 release
A3: Company | B3: Microsoft Corporation
A4: Ticker | B4: MSFT
A5: Quarter forecast | B5: FQ1 2027 (Jul-Sep 2026)
A6: Report date | B6: Oct 28, 2026 (after the close)
A7: Forecast locked (UTC) | B7: 2026-10-28 16:34
A8: Units: $ billions unless noted
A10: Inputs: company guidance for FQ1 2027 (Sep 2, 2026 restated outlook) | B10: Low | C10: High | D10: Midpoint
A11: Revenue | B11: 89.85 | C11: 90.95 | D11: =AVERAGE(B11:C11) -> 90.4
A12: Agents and Infra revenue | B12: 75.15 | C12: 75.75 | D12: =AVERAGE(B12:C12) -> 75.45
A13: Devices and Consumer revenue | B13: 14.7 | C13: 15.2 | D13: =AVERAGE(B13:C13) -> 14.95
A14: Cost of revenue | B14: 29.6 | C14: 29.8 | D14: =AVERAGE(B14:C14) -> 29.7
A15: Operating expenses | B15: 16.8 | C15: 16.9 | D15: =AVERAGE(B15:C15) -> 16.85
A16: Other income and expense, excl. OpenAI | B16: -0.1 | D16: =B16 -> -0.1
A17: Effective tax rate | B17: 0.2 | D17: =B17 -> 0.2
A18: Azure growth, constant currency | B18: 0.44 | C18: 0.45 | D18: =AVERAGE(B18:C18) -> 0.445
A20: Inputs: prior-year quarter (FQ1 2026, restated) | B20: Value
A21: Revenue | B21: 77.673
A22: Agents and Infra revenue | B22: 61.672
A23: Devices and Consumer revenue | B23: 16.001
A24: Azure revenue | B24: 22.384
A25: Operating income | B25: 37.961
A26: Adjusted EPS, excl. OpenAI ($) | B26: 4.13
A28: Calibration: how the last four quarters landed | B28: FQ1 2026 | C28: FQ2 2026 | D28: FQ3 2026 | E28: FQ4 2026 | F28: Average
A29: Revenue guidance, low | B29: =SUM(B57:B59) -> 74.7 | C29: 79.5 | D29: 80.65 | E29: 86.7
A30: Revenue guidance, high | B30: =SUM(C57:C59) -> 75.8 | C30: 80.6 | D30: 81.75 | E30: 87.8
A31: Revenue guidance midpoint | B31: =AVERAGE(B29:B30) -> 75.25 | C31: =AVERAGE(C29:C30) -> 80.05 | D31: =AVERAGE(D29:D30) -> 81.2 | E31: =AVERAGE(E29:E30) -> 87.25
A32: Revenue actual | B32: 77.673 | C32: 81.273 | D32: 82.886 | E32: 90.007
A33: Actual vs guidance midpoint | B33: =B32/B31-1 -> 0.032199336 | C33: =C32/C31-1 -> 0.015277951 | D33: =D32/D31-1 -> 0.020763547 | E33: =E32/E31-1 -> 0.031598854 | F33: =AVERAGE(B33:E33) -> 0.024959922
A34: LSEG revenue consensus | C34: 80.27 | D34: 81.39 | E34: 87.62
A35: Actual vs LSEG consensus | B35: =IF(B34="","",B32/B34-1) | C35: =IF(C34="","",C32/C34-1) -> 0.012495328 | D35: =IF(D34="","",D32/D34-1) -> 0.018380636 | E35: =IF(E34="","",E32/E34-1) -> 0.027242639 | F35: =AVERAGE(B35:E35) -> 0.019372868
A36: Cost of revenue guidance, low | B36: 24.3 | C36: 26.35 | D36: 26.65 | E36: 29.4
A37: Cost of revenue guidance, high | B37: 24.5 | C37: 26.55 | D37: 26.85 | E37: 29.6
A38: Operating expense guidance, low | B38: 15.7 | C38: 17.3 | D38: 17.8 | E38: 19.3
A39: Operating expense guidance, high | B39: 15.8 | C39: 17.4 | D39: 17.9 | E39: 19.4
A40: Guidance-implied operating income | B40: =B31-AVERAGE(B36:B37)-AVERAGE(B38:B39) -> 35.1 | C40: =C31-AVERAGE(C36:C37)-AVERAGE(C38:C39) -> 36.25 | D40: =D31-AVERAGE(D36:D37)-AVERAGE(D38:D39) -> 36.6 | E40: =E31-AVERAGE(E36:E37)-AVERAGE(E38:E39) -> 38.4
A41: Operating income actual | B41: 37.961 | C41: 38.275 | D41: 38.398 | E41: 40.603
A42: Actual vs guidance-implied | B42: =B41/B40-1 -> 0.081509972 | C42: =C41/C40-1 -> 0.055862069 | D42: =D41/D40-1 -> 0.049125683 | E42: =E41/E40-1 -> 0.057369792 | F42: =AVERAGE(B42:E42) -> 0.060966879
A43: Cost of revenue actual | B43: 24.043 | C43: 25.978 | D43: 26.828 | E43: 29.525
A44: Actual vs guidance midpoint | B44: =B43/AVERAGE(B36:B37)-1 -> -0.014631148 | C44: =C43/AVERAGE(C36:C37)-1 -> -0.017844991 | D44: =D43/AVERAGE(D36:D37)-1 -> 0.0029158879 | E44: =E43/AVERAGE(E36:E37)-1 -> 0.00084745763 | F44: =AVERAGE(B44:E44) -> -0.0071781982
A45: Operating expenses actual | B45: =B32-B43-B41 -> 15.669 | C45: =C32-C43-C41 -> 17.02 | D45: =D32-D43-D41 -> 17.66 | E45: =E32-E43-E41 -> 19.879
A46: Actual vs guidance midpoint | B46: =B45/AVERAGE(B38:B39)-1 -> -0.0051428571 | C46: =C45/AVERAGE(C38:C39)-1 -> -0.019020173 | D46: =D45/AVERAGE(D38:D39)-1 -> -0.010644258 | E46: =E45/AVERAGE(E38:E39)-1 -> 0.027338501 | F46: =AVERAGE(B46:E46) -> -0.0018671966
A47: Azure growth guidance (cc), low | B47: 0.37 | C47: 0.37 | D47: 0.37 | E47: 0.39
A48: Azure growth guidance (cc), high | B48: 0.37 | C48: 0.37 | D48: 0.38 | E48: 0.4
A49: Azure growth actual (cc, definition at the time) | B49: 0.39 | C49: 0.38 | D49: 0.39 | E49: 0.43
A50: Actual minus guidance midpoint (pts) | B50: =B49-AVERAGE(B47:B48) -> 0.02 | C50: =C49-AVERAGE(C47:C48) -> 0.01 | D50: =D49-AVERAGE(D47:D48) -> 0.015 | E50: =E49-AVERAGE(E47:E48) -> 0.035 | F50: =AVERAGE(B50:E50) -> 0.02
A51: LSEG adjusted EPS consensus ($) | C51: 3.97 | D51: 4.06 | E51: 4.24
A52: Adjusted EPS actual ($) | C52: 4.14 | D52: 4.27 | E52: 4.74
A53: Actual vs LSEG consensus | B53: =IF(B51="","",B52/B51-1) | C53: =IF(C51="","",C52/C51-1) -> 0.042821159 | D53: =IF(D51="","",D52/D51-1) -> 0.051724138 | E53: =IF(E51="","",E52/E51-1) -> 0.11792453 | F53: =AVERAGE(B53:E53) -> 0.070823275
A56: FQ1 2026 guidance by segment (old three-segment basis) | B56: Low | C56: High
A57: Productivity and Business Processes | B57: 32.2 | C57: 32.5
A58: Intelligent Cloud | B58: 30.1 | C58: 30.4
A59: More Personal Computing | B59: 12.4 | C59: 12.9
A61: Assumptions (our calls) | B61: Value | C61: Basis
A62: Agents and Infra revenue vs guidance midpoint | B62: 0.02 | C62: Old PBP + IC segments beat their combined midpoint by 1.5% to 2.5% in each of the last four quarters
A63: Devices and Consumer revenue vs guidance midpoint | B63: 0.02 | C63: Old MPC beat its midpoint in 3 of 4 quarters (+0.4% to +8.7%); held to +2% because Q3 PC shipments fell 22.4% (row 72) after a channel inventory build
A64: Cost of revenue vs guidance midpoint | B64: 0.005 | C64: Row 44 averages near zero; leaned up for Azure mix and component costs
A65: Operating expenses vs guidance midpoint | B65: -0.01 | C65: Row 46: below midpoint in three of four quarters (FQ4 carried one-off charges)
A66: Azure growth: actual minus guidance midpoint (pts) | B66: 0.025 | C66: Row 50 averages +2.0 pts; FQ4 capacity efficiencies carry into FQ1
A67: FX effect on reported Azure growth (pts) | B67: -0.005 | C67: Guidance: FX lowers Azure growth by less than 1 point
A68: Diluted shares (bn) | B68: 7.435 | C68: FQ4 2026 diluted shares 7.443bn; slow buyback drift
A69: 80% band: revenue (+/-) | B69: 0.01 | C69: Spread of row 33 around its average
A70: 80% band: adjusted EPS (+/-) | B70: 0.03 | C70: Spread of row 53 around its average
A71: 80% band: Azure growth (+/- pts) | B71: 0.015 | C71: Spread of row 50
A72: Signal: Gartner Q3 2026 worldwide PC shipments y/y | B72: -0.224 | C72: Gartner preliminary, Oct 12, 2026
A74: Forecast: FQ1 2027 | B74: Our forecast | C74: 80% low | D74: 80% high | E74: Street (LSEG) | F74: Ours vs Street | G74: Guidance midpoint | H74: Actual | I74: Our error | J74: Street error | K74: Closer than Street?
A75: Agents and Infra revenue | B75: =D12*(1+B62) -> 76.959 | G75: =D12 -> 75.45 | H75: =B100 -> 76.795 | I75: =IF(H75="","",B75/H75-1) -> 0.0021355557
A76: Devices and Consumer revenue | B76: =D13*(1+B63) -> 15.249 | G76: =D13 -> 14.95 | H76: =B101 -> 15.484 | I76: =IF(H76="","",B76/H76-1) -> -0.015176957
A77: Total revenue | B77: =B75+B76 -> 92.208 | C77: =B77*(1-B69) -> 91.28592 | D77: =B77*(1+B69) -> 93.13008 | E77: 90.6 | F77: =B77/E77-1 -> 0.017748344 | G77: =D11 -> 90.4 | H77: =B102 -> 92.279 | I77: =IF(H77="","",B77/H77-1) -> -0.00076940582 | J77: =IF(OR(H77="",E77=""),"",E77/H77-1) -> -0.018194822 | K77: =IF(OR(I77="",J77=""),"",IF(ABS(I77)<ABS(J77),"Yes","No")) -> Yes
A78: Cost of revenue | B78: =D14*(1+B64) -> 29.8485 | G78: =D14 -> 29.7
A79: Gross profit | B79: =B77-B78 -> 62.3595 | G79: =G77-G78 -> 60.7
A80: Operating expenses | B80: =D15*(1+B65) -> 16.6815 | G80: =D15 -> 16.85
A81: Operating income | B81: =B79-B80 -> 45.678 | G81: =G79-G80 -> 43.85 | H81: =B103 -> 45.915 | I81: =IF(H81="","",B81/H81-1) -> -0.0051617119
A82: Operating margin | B82: =B81/B77 -> 0.49538001 | G82: =G81/G77 -> 0.48506637
A83: Other income and expense, excl. OpenAI | B83: =D16 -> -0.1 | G83: =D16 -> -0.1
A84: Pretax income | B84: =B81+B83 -> 45.578 | G84: =G81+G83 -> 43.75
A85: Income tax | B85: =B84*D17 -> 9.1156 | G85: =G84*D17 -> 8.75
A86: Net income | B86: =B84-B85 -> 36.4624 | G86: =G84-G85 -> 35
A87: Diluted shares (bn) | B87: =B68 -> 7.435 | G87: =B68 -> 7.435
A88: Adjusted EPS, excl. OpenAI ($) | B88: =B86/B87 -> 4.904156 | C88: =B88*(1-B70) -> 4.7570313 | D88: =B88*(1+B70) -> 5.0512807 | E88: 4.71 | F88: =B88/E88-1 -> 0.041222085 | G88: =G86/G87 -> 4.7074647 | H88: =B105 -> 4.89 | I88: =IF(H88="","",B88/H88-1) -> 0.0028948914 | J88: =IF(OR(H88="",E88=""),"",E88/H88-1) -> -0.036809816 | K88: =IF(OR(I88="",J88=""),"",IF(ABS(I88)<ABS(J88),"Yes","No")) -> Yes
A89: Azure growth, constant currency | B89: =D18+B66 -> 0.47 | C89: =B89-B71 -> 0.455 | D89: =B89+B71 -> 0.485 | G89: =D18 -> 0.445 | H89: =B107 -> 0.48 | I89: =IF(H89="","",B89-H89) -> -0.01
A90: Azure growth, reported | B90: =B89+B67 -> 0.465
A91: Azure revenue | B91: =B24*(1+B90) -> 32.79256
A92: Revenue growth y/y | B92: =B77/B21-1 -> 0.18713066
A93: Adjusted EPS growth y/y | B93: =B88/B26-1 -> 0.18744698
A95: Prediction markets at lock (Polymarket) | B95: Yes price | C95: Low threshold | D95: High threshold | E95: Our forecast | F95: Our call | G95: Resolved | H95: Our call right?
A96: GAAP EPS above $4.82 (market 5778671) | B96: 0.815 | C96: 4.82 | E96: =B88 -> 4.904156 | F96: =IF(E96>C96,"Yes","No") -> Yes | G96: =IF(B106>C96,"Yes","No") -> Yes | H96: =IF(F96=G96,"Yes","No") -> Yes
A97: Azure cc growth 46% to 48% (market 5648443) | B97: 0.54 | C97: 0.46 | D97: 0.48 | E97: =B89 -> 0.47 | F97: =IF(AND(E97>=C97,E97<D97),"Yes","No") -> Yes | G97: =IF(AND(B107>=C97,B107<D97),"Yes","No") -> No | H97: =IF(F97=G97,"Yes","No") -> No
A99: Reported FQ1 2027 (Oct 28, 2026 release) | B99: Value
A100: Agents and Infra revenue | B100: 76.795
A101: Devices and Consumer revenue | B101: 15.484
A102: Total revenue | B102: 92.279
A103: Operating income | B103: 45.915
A104: Net income, non-GAAP (excl. OpenAI) | B104: 36.422
A105: Adjusted EPS excl. OpenAI ($) | B105: 4.89
A106: GAAP EPS ($) | B106: 4.92
A107: Azure growth, constant currency | B107: 0.48
A108: Microsoft Cloud revenue | B108: 63.9

Sheet GOOGL
A1: Earnings forecast: Alphabet Q3 2026 (quarter ended Sep 30, 2026), locked before the Oct 28, 2026 release
A3: Company | B3: Alphabet Inc.
A4: Ticker | B4: GOOGL
A5: Quarter forecast | B5: Q3 2026 (Jul-Sep 2026)
A6: Report date | B6: Oct 28, 2026 (after the close)
A7: Forecast locked (UTC) | B7: 2026-10-28 16:34
A8: Units: $ billions unless noted
A10: Revenue build by line | B10: Q1 2025 | C10: Q1 2026 | D10: Q2 2025 | E10: Q2 2026 | F10: Q3 2025 | G10: Q1 y/y | H10: Q2 y/y | I10: Q3 2026 y/y (assumed) | J10: Q3 2026 forecast | K10: Street | L10: Ours vs Street
A11: Google Search & other | B11: 50.702 | C11: 60.399 | D11: 54.19 | E11: 63.271 | F11: 56.567 | G11: =C11/B11-1 -> 0.19125478 | H11: =E11/D11-1 -> 0.16757704 | I11: 0.156 | J11: =F11*(1+I11) -> 65.391452
A12: YouTube ads | B12: 8.927 | C12: 9.883 | D12: 9.796 | E12: 11.055 | F12: 10.261 | G12: =C12/B12-1 -> 0.10709085 | H12: =E12/D12-1 -> 0.12852185 | I12: 0.121 | J12: =F12*(1+I12) -> 11.502581
A13: Google Network | B13: 7.256 | C13: 6.971 | D13: 7.354 | E13: 7.303 | F13: 7.354 | G13: =C13/B13-1 -> -0.039277839 | H13: =E13/D13-1 -> -0.0069350014 | I13: -0.021 | J13: =F13*(1+I13) -> 7.199566
A14: Google subscriptions, platforms, and devices | B14: 10.379 | C14: 12.384 | D14: 11.203 | E14: 12.911 | F14: 12.87 | G14: =C14/B14-1 -> 0.19317853 | H14: =E14/D14-1 -> 0.15245916 | I14: 0.158 | J14: =F14*(1+I14) -> 14.90346
A15: Google Services total | B15: =SUM(B11:B14) -> 77.264 | C15: =SUM(C11:C14) -> 89.637 | D15: =SUM(D11:D14) -> 82.543 | E15: =SUM(E11:E14) -> 94.54 | F15: =SUM(F11:F14) -> 87.052 | G15: =C15/B15-1 -> 0.16013926 | H15: =E15/D15-1 -> 0.14534243 | I15: =J15/F15-1 -> 0.13721751 | J15: =SUM(J11:J14) -> 98.997059
A16: Google Cloud | B16: 12.26 | C16: 20.028 | D16: 13.624 | E16: 24.768 | F16: 15.157 | G16: =C16/B16-1 -> 0.63360522 | H16: =E16/D16-1 -> 0.81796829 | I16: 1 | J16: =F16*(1+I16) -> 30.314 | K16: 28.7 | L16: =J16/K16-1 -> 0.056236934
A17: Other Bets | B17: 0.45 | C17: 0.411 | D17: 0.373 | E17: 0.382 | F17: 0.344 | G17: =C17/B17-1 -> -0.086666667 | H17: =E17/D17-1 -> 0.024128686 | I17: 0.163 | J17: =F17*(1+I17) -> 0.400072
A18: Hedging gains (losses) | B18: 0.26 | C18: -0.18 | D18: -0.112 | E18: 0.106 | F18: -0.207 | J18: 0
A19: Total revenues | B19: =SUM(B15:B18) -> 90.234 | C19: =SUM(C15:C18) -> 109.896 | D19: =SUM(D15:D18) -> 96.428 | E19: =SUM(E15:E18) -> 119.796 | F19: =SUM(F15:F18) -> 102.346 | G19: =C19/B19-1 -> 0.21790013 | H19: =E19/D19-1 -> 0.24233625 | I19: =J19/F19-1 -> 0.26737861 | J19: =SUM(J15:J18) -> 129.71113 | K19: 128.2 | L19: =J19/K19-1 -> 0.011787293
A21: Calibration: how the last three quarters landed | B21: Q4 2025 | C21: Q1 2026 | D21: Q2 2026 | E21: Average
A22: LSEG revenue consensus | B22: 111.43 | C22: 107.2 | D22: 116.93
A23: Revenue actual | B23: 113.83 | C23: 109.9 | D23: 119.8
A24: Actual vs LSEG consensus | B24: =B23/B22-1 -> 0.021538185 | C24: =C23/C22-1 -> 0.025186567 | D24: =D23/D22-1 -> 0.024544599 | E24: =AVERAGE(B24:D24) -> 0.023756451
A25: StreetAccount Google Cloud consensus | B25: 16.18 | C25: 18.05 | D25: 22.24
A26: Google Cloud actual | B26: 17.66 | C26: 20.03 | D26: 24.768
A27: Actual vs StreetAccount | B27: =B26/B25-1 -> 0.091470952 | C27: =C26/C25-1 -> 0.10969529 | D27: =D26/D25-1 -> 0.11366906 | E27: =AVERAGE(B27:D27) -> 0.1049451
A28: LSEG EPS consensus ($) | B28: 2.63 | C28: 2.63 | D28: 2.89
A29: EPS actual as LSEG compares it ($) | B29: 2.82 | C29: 2.62 | D29: 2.85
A30: Actual vs LSEG consensus | B30: =B29/B28-1 -> 0.072243346 | C30: =C29/C28-1 -> -0.0038022814 | D30: =D29/D28-1 -> -0.01384083 | E30: =AVERAGE(B30:D30) -> 0.018200078
A32: Operating income build | B32: Q2 2026 actual | C32: Q2 2026 margin | D32: Q3 2026 assumption | E32: Q3 2026 forecast
A33: Google Services operating income | B33: 39.544 | C33: =B33/E15 -> 0.41827798 | D33: 0.415 | E33: =J15*D33 -> 41.083779
A34: Google Cloud operating income | B34: 8.814 | C34: =B34/E16 -> 0.3558624 | D34: 0.34 | E34: =J16*D34 -> 10.30676
A35: Other Bets operating income | B35: -1.799 | D35: -1.9 | E35: =D35 -> -1.9
A36: Alphabet-level activities | B36: -5.789 | D36: -5.4 | E36: =D36 -> -5.4
A37: Total operating income | B37: 40.77 | E37: =SUM(E33:E36) -> 44.090539
A38: Note: rows 33-34 apply an assumed segment margin to forecast segment revenue; rows 35-36 are assumed dollar amounts
A40: Below the line | B40: Q2 2026 actual | C40: Q3 2026 assumption | D40: Basis | F40: Q2 OI&E | G40: Q2 equity gain | H40: Q2 tax on gain
A41: OI&E excluding equity securities gains | B41: =F41-G41 -> -1.048 | C41: -0.2 | D41: Q2: interest income less higher interest expense on $98bn of debt; assume roughly break-even | E41: Q2 inputs: | F41: 97.983 | G41: 99.031
A42: Effective tax rate excluding equity securities gains | B42: =(G42-H42)/(F42-G41) -> 0.11731534 | C42: 0.14 | D42: Q2 ran 11.7%; Q1 about 16%; assume between | E42: Q2 pretax / tax: | F42: 138.753 | G42: 26.56 | H42: 21.9
A43: Diluted shares (bn) | B43: 12.309 | C43: 12.39 | D43: Q2 average 12.309bn; June share and convertible issuance counts for a full quarter
A45: Equity securities mark-to-market (drives GAAP EPS) | B45: Value | C45: Basis
A46: SpaceX shares, short-term restricted, Jun 30 | B46: 80
A47: SpaceX shares, long-term restricted, Jun 30 | B47: 14.1
A48: SpaceX stake, Jun 30 | B48: =B46+B47 -> 94.1
A49: SpaceX close, Jun 30, 2026 ($) | B49: 170.86
A50: SpaceX close, Sep 30, 2026 ($) | B50: 150.86
A51: SpaceX stake gain (loss) in Q3 | B51: =B48*(B50/B49-1) -> -11.014866 | C51: Stake marked to the quoted price; any hedges ignored
A52: Other equity securities gain (loss) in Q3 | B52: 0 | C52: No priced Anthropic round in Q3; Series H valuation carried
A53: Total equity securities gain (loss) | B53: =B51+B52 -> -11.014866
A54: Tax rate on equity gains (Q2: tax effect / gain) | B54: =H42/G41 -> 0.22114287 | C54: Q2: $21.9bn tax on a $99.0bn gain
A55: EPS effect of equity securities ($) | B55: =B53*(1-B54)/C43 -> -0.69241379
A57: Forecast: Q3 2026 | B57: Our forecast | C57: 80% low | D57: 80% high | E57: Street | F57: Ours vs Street | G57: Street source | H57: Actual | I57: Our error | J57: Street error | K57: Closer than Street?
A58: Total revenues | B58: =J19 -> 129.71113 | C58: =B58*(1-B68) -> 127.76546 | D58: =B58*(1+B68) -> 131.6568 | E58: 128.2 | F58: =B58/E58-1 -> 0.011787293 | G58: LSEG via CNBC | H58: =B90 -> 127.577 | I58: =IF(H58="","",B58/H58-1) -> 0.01672818 | J58: =IF(OR(H58="",E58=""),"",E58/H58-1) -> 0.0048833254 | K58: =IF(OR(I58="",J58=""),"",IF(ABS(I58)<ABS(J58),"Yes","No")) -> No
A59: Google Cloud revenue | B59: =J16 -> 30.314 | C59: =B59*(1-B69) -> 28.7983 | D59: =B59*(1+B69) -> 31.8297 | E59: 28.7 | F59: =B59/E59-1 -> 0.056236934 | G59: LSEG via CNBC | H59: =B87 -> 30.709 | I59: =IF(H59="","",B59/H59-1) -> -0.012862679 | J59: =IF(OR(H59="",E59=""),"",E59/H59-1) -> -0.065420561 | K59: =IF(OR(I59="",J59=""),"",IF(ABS(I59)<ABS(J59),"Yes","No")) -> Yes
A60: Operating income | B60: =E37 -> 44.090539 | H60: =B95 -> 40.576 | I60: =IF(H60="","",B60/H60-1) -> 0.086616214
A61: Pretax income excl. equity gains | B61: =B60+C41 -> 43.890539
A62: Net income excl. equity gains | B62: =B61*(1-C42) -> 37.745864
A63: EPS excl. equity securities gains ($) | B63: =B62/C43 -> 3.0464781 | C63: =B63*(1-B70) -> 2.8941542 | D63: =B63*(1+B70) -> 3.198802 | E63: 3.02 | F63: =B63/E63-1 -> 0.0087675907 | G63: LSEG via CNBC | H63: =B99 -> 2.67 | I63: =IF(H63="","",B63/H63-1) -> 0.14100304 | J63: =IF(OR(H63="",E63=""),"",E63/H63-1) -> 0.13108614 | K63: =IF(OR(I63="",J63=""),"",IF(ABS(I63)<ABS(J63),"Yes","No")) -> No
A64: GAAP EPS ($) | B64: =B63+B55 -> 2.3540643 | C64: =B64-B71 -> 1.9040643 | D64: =B64+B71 -> 2.8040643 | E64: 3.1 | F64: =B64/E64-1 -> -0.24062441 | G64: Polymarket rules | H64: =B98 -> 2.12 | I64: =IF(H64="","",B64/H64-1) -> 0.11040771 | J64: =IF(OR(H64="",E64=""),"",E64/H64-1) -> 0.46226415 | K64: =IF(OR(I64="",J64=""),"",IF(ABS(I64)<ABS(J64),"Yes","No")) -> Yes
A65: Revenue growth y/y | B65: =B58/F19-1 -> 0.26737861
A67: Assumptions for ranges | B67: Value
A68: 80% band: revenue (+/-) | B68: 0.015
A69: 80% band: Google Cloud (+/-) | B69: 0.05
A70: 80% band: EPS excl. gains (+/-) | B70: 0.05
A71: 80% band: GAAP EPS (+/- $) | B71: 0.45
A73: Prediction markets at lock (Polymarket) | B73: Yes price | C73: Threshold | D73: Our forecast | E73: Our call | F73: Resolved | G73: Our call right?
A74: GAAP EPS above $3.10 (market 5778637) | B74: 0.245 | C74: 3.1 | D74: =B64 -> 2.3540643 | E74: =IF(D74>C74,"Yes","No") -> No | F74: =IF(B98>C74,"Yes","No") -> No | G74: =IF(E74=F74,"Yes","No") -> Yes
A75: Google Cloud revenue above $30B (market 5648419) | B75: 0.65 | C75: 30 | D75: =B59 -> 30.314 | E75: =IF(D75>C75,"Yes","No") -> Yes | F75: =IF(B87>C75,"Yes","No") -> Yes | G75: =IF(E75=F75,"Yes","No") -> Yes
A77: Signals read for this quarter | B77: Effect
A78: CFO, Jul 22: slight FX headwind to Q3 revenue vs a 1-point tailwind in Q2 | B78: Search and YouTube growth held below Q2 pace
A79: CFO, Jul 22: only a small part of TPU system revenue this year, ramping as 2026 ends | B79: Cloud step-up kept near Q2's sequential gain
A80: CFO, Jul 22: third-party capacity in Q3 brings modest margin pressure | B80: Cloud margin assumed below Q2's 35.6%
A82: Reported Q3 2026 (Oct 28, 2026 release) | B82: Reported | C82: Our forecast | D82: Our error
A83: Google Search & other | B83: 63.35 | C83: =J11 -> 65.391452 | D83: =C83/B83-1 -> 0.032224972
A84: YouTube ads | B84: 11.207 | C84: =J12 -> 11.502581 | D84: =C84/B84-1 -> 0.026374677
A85: Google Network | B85: 7.455 | C85: =J13 -> 7.199566 | D85: =C85/B85-1 -> -0.034263447
A86: Google subscriptions, platforms, and devices | B86: 14.29 | C86: =J14 -> 14.90346 | D86: =C86/B86-1 -> 0.042929321
A87: Google Cloud | B87: 30.709 | C87: =J16 -> 30.314 | D87: =C87/B87-1 -> -0.012862679
A88: Other Bets | B88: 0.372 | C88: =J17 -> 0.400072 | D88: =C88/B88-1 -> 0.075462366
A89: Hedging gains (losses) | B89: 0.194 | C89: =J18 -> 0
A90: Total revenues | B90: 127.577 | C90: =J19 -> 129.71113 | D90: =C90/B90-1 -> 0.01672818
A91: Google Services operating income | B91: 39.157 | C91: =E33 -> 41.083779 | D91: =C91/B91-1 -> 0.049206514
A92: Google Cloud operating income | B92: 11.121 | C92: =E34 -> 10.30676 | D92: =C92/B92-1 -> -0.073216437
A93: Other Bets operating income | B93: -2.047 | C93: =E35 -> -1.9 | D93: =C93/B93-1 -> -0.071812408
A94: Alphabet-level activities | B94: -7.655 | C94: =E36 -> -5.4 | D94: =C94/B94-1 -> -0.29457871
A95: Total operating income | B95: 40.576 | C95: =E37 -> 44.090539 | D95: =C95/B95-1 -> 0.086616214
A96: Gain (loss) on equity securities | B96: -8.664 | C96: =B53 -> -11.014866 | D96: =C96/B96-1 -> 0.27133725
A97: EPS effect of equity securities ($) | B97: -0.55 | C97: =B55 -> -0.69241379 | D97: =C97/B97-1 -> 0.25893416
A98: GAAP EPS ($) | B98: 2.12 | C98: =B64 -> 2.3540643 | D98: =C98/B98-1 -> 0.11040771
A99: EPS excl. equity securities gains ($) | B99: =B98-B97 -> 2.67 | C99: =B63 -> 3.0464781 | D99: =C99/B99-1 -> 0.14100304
A100: Pretax income | B100: 32.355
A101: Provision for income taxes | B101: 5.887
A102: Tax effect of the equity securities loss | B102: 1.9
A103: Effective tax rate excl. equity securities | B103: =(B101+B102)/(B100-B96) -> 0.18983886 | C103: =C42 -> 0.14 | D103: =C103-B103 -> -0.049838855
A104: Diluted shares (bn) | B104: 12.368 | C104: =C43 -> 12.39 | D104: =C104/B104-1 -> 0.001778784
